BR
SAN FRANCISCO MACHO MEN @ ELKINS STING RAYS
09/18/2027
 
TOP OF THE 1ST
San Francisco Macho Men batting - Pitching for Elkins Sting Rays : RHP Cisco Caraballo
Pitching: RHP Cisco Caraballo
Batting: LHB António Muñóz 0-0: Ground out 4-3 (Groundball, 4)
Batting: RHB Steve Boyer 0-0: Ball
1-0: Called Strike
1-1: Foul Ball, location: 2F
1-2: DOUBLE (Flyball, 89D)
Batting: SHB Walton Locke 0-0: SINGLE (Groundball, 25) (infield hit)
Steve Boyer to third
Batting: LHB Mal Jiménez 0-0: Ball
1-0: Foul Ball, location: 2F
1-1: Ball
2-1: Foul Ball, location: 2F
2-2: Ball
3-2: Foul Ball, location: 2F
3-2: Fly out, F8 (Flyball, 8LM)
Runner from 3rd tags up, SCORES, throw made
Batting: LHB Tony Ayala 0-0: Ball
1-0: Called Strike
Walton Locke steals 2nd base
1-1: Ball
2-1: Ball
3-1: Called Strike
3-2: Foul Ball, location: 2F
3-2: Ground out 4-3 (Groundball, 4)
Top of the 1st over - 1 run(s), 2 hit(s), 0 error(s), 1 left on base; San Francisco 1 - Elkins 0
BOTTOM OF THE 1ST
Elkins Sting Rays batting - Pitching for San Francisco Macho Men : LHP Miguel Meneces
Pitching: LHP Miguel Meneces
Batting: RHB Jeff Bergeron 0-0: Ball
1-0: Ball
2-0: Ball
3-0: Called Strike
3-1: Fly out, F8 (Flyball, 8LM)
Batting: RHB John Hall 0-0: Ball
1-0: Ball
2-0: Ball
3-0: Base on Balls
Batting: LHB Ángel Flores 0-0: Called Strike
0-1: DOUBLE (Line Drive, 7D)
John Hall to third
Runner from 3rd tries for Home, SAFE, throw made at trailing runner, OUT at third!
Batting: RHB Tony Flores 0-0: Ball
1-0: Ball
2-0: Ball
3-0: Called Strike
3-1: Swinging Strike
3-2: Foul Ball, location: 2F
3-2: Fly out, F6 (Line Drive, 6D)
Bottom of the 1st over - 1 run(s), 1 hit(s), 0 error(s), 0 left on base; San Francisco 1 - Elkins 1
TOP OF THE 2ND
San Francisco Macho Men batting - Pitching for Elkins Sting Rays : RHP Cisco Caraballo
Batting: RHB Awragh Hazem 0-0: Ball
1-0: SINGLE (Flyball, 7S)
Batting: RHB Mike Hall 0-0: Ball
1-0: Ball
2-0: Ball
3-0: Called Strike
3-1: Foul Ball, location: 2F
3-2: Base on Balls
Awragh Hazem to second
Batting: RHB Carlos Rosales 0-0: Ball
1-0: Ball
2-0: SINGLE (Line Drive, 6M)
Awragh Hazem to third
Mike Hall to second
Runner from 3rd tries for Home, SAFE, throw made home
Batting: RHB Dave MacGruder 0-0: Ball
1-0: Called Strike
1-1: SINGLE (Groundball, 6MD)
Mike Hall to third
Carlos Rosales to second
Runner from 3rd tries for Home, throw and OUT!
Batting: LHB António Muñóz 0-0: Called Strike
0-1: Ball
1-1: Hit by Pitch
Carlos Rosales to third
Dave MacGruder to second
Batting: RHB Steve Boyer 0-0: Ball
1-0: Called Strike
1-1: Called Strike
1-2: Foul Ball, location: 2F
1-2: Foul Ball, location: 2F
1-2: Foul Ball, location: 2F
1-2: SINGLE (Groundball, 6MD)
Carlos Rosales scores
Dave MacGruder to third
António Muñóz to second
Runner from 3rd tries for Home, SAFE, no throw
Batting: SHB Walton Locke 0-0: Called Strike
0-1: Foul Ball, location: 2F
0-2: Ball
1-2: Ball
2-2: Foul Ball, location: 2F
2-2: Foul Ball, location: 2F
2-2: SINGLE (Flyball, 89S)
António Muñóz to third
Steve Boyer to second
Runner from 3rd tries for Home, SAFE, no throw
Batting: LHB Mal Jiménez 0-0: Ball
1-0: SINGLE (Flyball, 8RS)
Steve Boyer to third
Walton Locke to second
Batting: LHB Tony Ayala 0-0: Ball
1-0: Called Strike
1-1: Called Strike
1-2: Ball
2-2: Ball
3-2: SINGLE (Groundball, 4MD)
Steve Boyer scores
Walton Locke to third
Mal Jiménez to second
Runner from 3rd tries for Home, SAFE, throw made home
Mal Jiménez to third
Tony Ayala to second
Batting: RHB Awragh Hazem 0-0: Called Strike
0-1: Foul Ball, location: 2F
0-2: DOUBLE (Line Drive, 9LS)
Mal Jiménez scores
Tony Ayala scores
Pitching: RHP Juan Jose López
Batting: RHB Mike Hall 0-0: Called Strike
0-1: Ball
1-1: Called Strike
1-2: Foul Ball, location: 2F
1-2: Foul Ball, location: 2F
1-2: DOUBLE (Flyball, 89D)
Awragh Hazem scores
Batting: RHB Carlos Rosales 0-0: Ball
1-0: Ball
2-0: Called Strike
Mike Hall steals 3rd base
2-1: Fly out, F7 (Flyball, 7)
Runner from 3rd tags up, SCORES, no throw
Batting: RHB Dave MacGruder 0-0: Swinging Strike
0-1: Foul Ball, location: 2F
0-2: SINGLE (Groundball, 56S) (infield hit)
Batting: LHB António Muñóz 0-0: Foul Ball, location: 2F
0-1: Ball
Dave MacGruder steals 2nd base
1-1: Swinging Strike
1-2: Ball
2-2: Ball
3-2: Fly out, F8 (Flyball, 78S)
Top of the 2nd over - 10 run(s), 10 hit(s), 0 error(s), 1 left on base; San Francisco 11 - Elkins 1
BOTTOM OF THE 2ND
Elkins Sting Rays batting - Pitching for San Francisco Macho Men : LHP Miguel Meneces
Batting: SHB Bryan Long 0-0: Ball
1-0: Ground out 4-3 (Groundball, 4M)
Batting: RHB Pedro Betancourt 0-0: Ball
1-0: Foul Ball, location: 2F
1-1: Swinging Strike
1-2: Strikes out swinging
Batting: RHB Ryan Nelson 0-0: Ball
1-0: Called Strike
1-1: Ball
2-1: Swinging Strike
2-2: Strikes out looking
Bottom of the 2nd over - 0 run(s), 0 hit(s), 0 error(s), 0 left on base; San Francisco 11 - Elkins 1
TOP OF THE 3RD
San Francisco Macho Men batting - Pitching for Elkins Sting Rays : RHP Juan Jose López
Batting: RHB Steve Boyer 0-0: Ball
1-0: Foul Ball, location: 2F
1-1: Foul Ball, location: 2F
1-2: Ball
2-2: Ball
3-2: Base on Balls
Batting: SHB Walton Locke 0-0: Called Strike
0-1: DOUBLE (Line Drive, 7LS)
Steve Boyer to third
Batting: LHB Mal Jiménez 0-0: Ball
1-0: Foul Ball, location: 2F
1-1: Swinging Strike
1-2: SINGLE (Groundball, 34D)
Steve Boyer scores
Walton Locke to third
Runner from 3rd tries for Home, SAFE, throw made home
Batting: LHB Tony Ayala 0-0: Ball
1-0: Fielders Choice at 2nd, 4-6 (Groundball, 4)
Batting: RHB Awragh Hazem 0-0: Called Strike
0-1: Ball
1-1: Called Strike
1-2: Fly out, F9 (Flyball, 9LSF)
Batting: RHB Mike Hall 0-0: Ball
1-0: Ball
Tony Ayala is caught stealing 2nd base
Top of the 3rd over - 2 run(s), 2 hit(s), 0 error(s), 0 left on base; San Francisco 13 - Elkins 1
BOTTOM OF THE 3RD
Elkins Sting Rays batting - Pitching for San Francisco Macho Men : LHP Miguel Meneces
Batting: RHB Carson Allen 0-0: Swinging Strike
0-1: Swinging Strike
0-2: Strikes out looking
Batting: SHB Ángel Pérez 0-0: Ball
1-0: Ball
2-0: Called Strike
2-1: Ball
3-1: Foul Ball, location: 2F
3-2: Fly out, F8 (Flyball, 8LXD)
Batting: RHB Jeff Bergeron 0-0: DOUBLE (Line Drive, 8LD)
Batting: RHB John Hall 0-0: Ground out 4-3 (Groundball, 4)
Bottom of the 3rd over - 0 run(s), 1 hit(s), 0 error(s), 1 left on base; San Francisco 13 - Elkins 1
TOP OF THE 4TH
San Francisco Macho Men batting - Pitching for Elkins Sting Rays : RHP Juan Jose López
Batting: RHB Mike Hall 0-0: SINGLE (Line Drive, 6MD)
Batting: RHB Carlos Rosales 0-0: Ball
1-0: Called Strike
1-1: Called Strike
Mike Hall steals 2nd base
1-2: Ball
2-2: Strikes out swinging
Batting: RHB Dave MacGruder 0-0: Called Strike
0-1: Ball
1-1: Foul Ball, location: 2F
1-2: Ball
2-2: Strikes out swinging
Batting: LHB António Muñóz 0-0: Ball
1-0: Ball
2-0: Called Strike
2-1: Ball
3-1: Foul Ball, location: 2F
3-2: Foul Ball, location: 2F
3-2: Foul Ball, location: 2F
3-2: SINGLE (Groundball, 34D)
Mike Hall to third
Mike Hall scores
Batting: RHB Steve Boyer 0-0: Called Strike
0-1: SINGLE (Groundball, 6MD)
António Muñóz to second
Runner from 2nd tries for 3rd, SAFE, no throw
Batting: SHB Walton Locke 0-0: Ball
1-0: Ball
2-0: Fielders Choice at 2nd, 4-6 (Groundball, 34)
Top of the 4th over - 1 run(s), 3 hit(s), 0 error(s), 1 left on base; San Francisco 14 - Elkins 1
BOTTOM OF THE 4TH
Elkins Sting Rays batting - Pitching for San Francisco Macho Men : LHP Miguel Meneces
Batting: LHB Ángel Flores 0-0: Ball
1-0: Swinging Strike
1-1: Called Strike
1-2: Foul Ball, location: 2F
1-2: Strikes out swinging
Batting: RHB Tony Flores 0-0: Ball
1-0: Fly out, F9 (Flyball, 9S)
Batting: SHB Bryan Long 0-0: Fly out, F9 (Flyball, 9S)
Bottom of the 4th over - 0 run(s), 0 hit(s), 0 error(s), 0 left on base; San Francisco 14 - Elkins 1
TOP OF THE 5TH
San Francisco Macho Men batting - Pitching for Elkins Sting Rays : RHP Juan Jose López
Batting: LHB Mal Jiménez 0-0: Foul Ball, location: 2F
0-1: Called Strike
0-2: Ball
1-2: SINGLE (Groundball, 6D)
Batting: LHB Tony Ayala 0-0: Fly out, F8 (Line Drive, 8RM)
Batting: RHB Awragh Hazem 0-0: Called Strike
0-1: Fielders Choice at 2nd, 6-4 (Groundball, 56)
Batting: RHB Mike Hall 0-0: Ball
1-0: Called Strike
1-1: Ball
2-1: Swinging Strike
2-2: Foul Ball, location: 2F
2-2: Strikes out swinging
Top of the 5th over - 0 run(s), 1 hit(s), 0 error(s), 1 left on base; San Francisco 14 - Elkins 1
BOTTOM OF THE 5TH
Elkins Sting Rays batting - Pitching for San Francisco Macho Men : LHP Miguel Meneces
Batting: RHB Pedro Betancourt 0-0: Ball
1-0: SINGLE (Line Drive, 3D)
Batting: RHB Ryan Nelson 0-0: Called Strike
0-1: Ball
1-1: Ball
2-1: Foul Ball, location: 2F
2-2: Ball
3-2: 2-RUN HOME RUN (Flyball, 8RXD), Distance : 437 ft
Batting: RHB Carson Allen 0-0: Called Strike
0-1: Reached on error, E6 (Groundball, 6)
Batting: SHB Ángel Pérez 0-0: Ball
1-0: Ball
2-0: Foul Ball, location: 2F
2-1: Called Strike
2-2: Foul Ball, location: 2F
2-2: Grounds into double play, 5-4-3 (Groundball, 5)
Batting: RHB Jeff Bergeron 0-0: Swinging Strike
0-1: Swinging Strike
0-2: Ground out 6-3 (Groundball, 56)
Bottom of the 5th over - 2 run(s), 2 hit(s), 1 error(s), 0 left on base; San Francisco 14 - Elkins 3
TOP OF THE 6TH
San Francisco Macho Men batting - Pitching for Elkins Sting Rays : RHP Juan Jose López
Batting: RHB Carlos Rosales 0-0: Foul Ball, location: 2F
0-1: SINGLE (Groundball, 6MD)
Batting: RHB Dave MacGruder 0-0: Ball
Balk!
Carlos Rosales to second
1-0: Ball
2-0: Called Strike
2-1: SINGLE (Line Drive, 9S)
Carlos Rosales to third
Batting: LHB António Muñóz 0-0: Called Strike
0-1: Foul Ball, location: 2F
0-2: Ball
1-2: Foul Ball, location: 2F
1-2: Grounds into double play, 4-6-3 (Groundball, 4)
Carlos Rosales scores
Batting: RHB Steve Boyer 0-0: Ball
1-0: Ball
2-0: Called Strike
2-1: Foul Ball, location: 2F
2-2: Strikes out swinging, 2-3 out at first.
Top of the 6th over - 1 run(s), 2 hit(s), 0 error(s), 0 left on base; San Francisco 15 - Elkins 3
BOTTOM OF THE 6TH
Elkins Sting Rays batting - Pitching for San Francisco Macho Men : LHP Miguel Meneces
Batting: RHB John Hall 0-0: Foul Ball, location: 2F
0-1: Swinging Strike
0-2: Foul Ball, location: 2F
0-2: Fly out, F8 (Flyball, 8RM)
Batting: LHB Ángel Flores 0-0: Ball
1-0: Ball
2-0: Fly out, F7 (Flyball, 78M)
Batting: RHB Tony Flores 0-0: Ball
1-0: SINGLE (Groundball, 34D)
Batting: SHB Bryan Long 0-0: Fly out, F8 (Flyball, 8RS)
Bottom of the 6th over - 0 run(s), 1 hit(s), 0 error(s), 1 left on base; San Francisco 15 - Elkins 3
TOP OF THE 7TH
San Francisco Macho Men batting - Pitching for Elkins Sting Rays : RHP Juan Jose López
Batting: SHB Walton Locke 0-0: SOLO HOME RUN (Flyball, 89XD), Distance : 431 ft
Batting: LHB Mal Jiménez 0-0: Ball
1-0: Ball
2-0: Ball
3-0: Base on Balls
Batting: LHB Tony Ayala 0-0: Ball
Mal Jiménez is caught stealing 2nd base
1-0: Ground out 3-1 (Groundball, 34)
Pinch Hitting: LHB Millard Adams 0-0: Ball
1-0: Called Strike
1-1: Foul Ball, location: 2F
1-2: Strikes out swinging
Top of the 7th over - 1 run(s), 1 hit(s), 0 error(s), 0 left on base; San Francisco 16 - Elkins 3
BOTTOM OF THE 7TH
Elkins Sting Rays batting - Pitching for San Francisco Macho Men : LHP Miguel Meneces
Now at 2B: Pablo Pineda
Batting: RHB Pedro Betancourt 0-0: Foul Ball, location: 2F
0-1: Ball
1-1: Swinging Strike
1-2: Strikes out swinging
Pitching: RHP José Amaya
Batting: RHB Ryan Nelson 0-0: Ball
1-0: Called Strike
1-1: Ball
2-1: Foul Ball, location: 2F
2-2: Fly out, F4 (Line Drive, 34)
Batting: RHB Carson Allen 0-0: Called Strike
0-1: Fly out, F8 (Flyball, 89M)
Bottom of the 7th over - 0 run(s), 0 hit(s), 0 error(s), 0 left on base; San Francisco 16 - Elkins 3
TOP OF THE 8TH
San Francisco Macho Men batting - Pitching for Elkins Sting Rays : RHP Juan Jose López
Pitching: RHP Juan González
Batting: RHB Mike Hall 0-0: Swinging Strike
0-1: Called Strike
0-2: Foul Ball, location: 2F
0-2: Ball
1-2: Ball
2-2: Ball
3-2: Strikes out looking
Batting: RHB Carlos Rosales 0-0: Ball
1-0: Called Strike
1-1: Ball
2-1: Swinging Strike
2-2: Ball
3-2: Base on Balls
Batting: RHB Dave MacGruder 0-0: Called Strike
0-1: Ball
1-1: Called Strike
1-2: Strikes out swinging
Batting: LHB António Muñóz 0-0: Ground out U3 (Groundball, 34)
Top of the 8th over - 0 run(s), 0 hit(s), 0 error(s), 1 left on base; San Francisco 16 - Elkins 3
BOTTOM OF THE 8TH
Elkins Sting Rays batting - Pitching for San Francisco Macho Men : RHP José Amaya
Now at SS: Jorge Quiñones
Batting: SHB Ángel Pérez 0-0: Called Strike
0-1: Ground out 1-3 (Groundball, 13S)
Batting: RHB Jeff Bergeron 0-0: Ball
1-0: Ball
2-0: Ball
3-0: Base on Balls
Batting: RHB John Hall 0-0: Ball
1-0: Fly out, F3 (Flyball, 34D)
Batting: LHB Ángel Flores 0-0: Fly out, F8 (Flyball, 8LM)
Bottom of the 8th over - 0 run(s), 0 hit(s), 0 error(s), 1 left on base; San Francisco 16 - Elkins 3
TOP OF THE 9TH
San Francisco Macho Men batting - Pitching for Elkins Sting Rays : RHP Juan González
Batting: RHB Steve Boyer 0-0: Called Strike
0-1: Swinging Strike
0-2: DOUBLE (Flyball, 9LM)
Pinch Hitting: LHB Clayton Bailey 0-0: Called Strike
0-1: Ball
1-1: Ball
2-1: Called Strike
2-2: Ground out U3 (Groundball, 3)
Steve Boyer to third
Batting: LHB Mal Jiménez 0-0: Ball
Wild Pitch!
Steve Boyer scores
1-0: Ball
2-0: Called Strike
2-1: Foul Ball, location: 2F
2-2: Ball
3-2: Strikes out swinging
Batting: LHB Tony Ayala 0-0: Ball
1-0: Ground out 4-3 (Groundball, 4)
Top of the 9th over - 1 run(s), 1 hit(s), 0 error(s), 0 left on base; San Francisco 17 - Elkins 3
BOTTOM OF THE 9TH
Elkins Sting Rays batting - Pitching for San Francisco Macho Men : RHP José Amaya
Now at 1B: Nelson Burton
Now at 3B: Peter Hernández
Batting: RHB Tony Flores 0-0: Called Strike
0-1: Called Strike
0-2: SINGLE (Line Drive, 9)
Pinch Hitting: RHB Brandon Townsley 0-0: Called Strike
0-1: Foul Ball, location: 2F
0-2: Ball
1-2: Foul Ball, location: 2F
1-2: Ball
2-2: Grounds into double play, 4-6-3 (Groundball, 4M)
Batting: RHB Pedro Betancourt 0-0: Ball
1-0: Ball
2-0: Foul Ball, location: 2F
2-1: Ball
3-1: SINGLE (Line Drive, 8LS)
Batting: RHB Ryan Nelson 0-0: Foul Ball, location: 2F
0-1: Swinging Strike
0-2: Fly out, F8 (Flyball, 8RD)
Bottom of the 9th over - 0 run(s), 2 hit(s), 0 error(s), 1 left on base; San Francisco 17 - Elkins 3
Thursday, March 30th, 2017 - OOTP Baseball 17.12 Build 75